Bruins vs Capitals
Created - 12 janvier 2017 at 06:54
Goals
|
| Bruins |
1 |
4 |
2 |
7 |
| Capitals |
1 |
1 |
0 |
2 |
|
Shots
|
| Bruins |
23 |
9 |
6 |
38 |
| Capitals |
14 |
16 |
6 |
36 |
|
1st period
1. Capitals , Jarome Iginla 10 (Scottie Upshall, Tyler Seguin) at 15:24
2. Bruins , Matt Cooke 13 (Victor Oreskovich, Chris Kelly) at 18:44
Penalties :
Braden Holtby (Was) for Slashing (Double Minor) at 0:57 - Erik Cole served the penalty
2nd period
3. Bruins , Mark Stuart 2 (Henrik Sedin, Roberto Luongo) at 6:22 (PP)
4. Bruins , Mark Stuart 3 (Daniel Sedin) at 14:52 (PP)
5. Bruins , Victor Oreskovich 11 (Matt Cooke, Andrew Alberts) at 16:10
6. Bruins , Victor Oreskovich 12 (Chris Kelly, Andrew Alberts) at 17:41
7. Capitals , Scottie Upshall 11 (Tyler Seguin, Mark Giordano) at 19:54
Penalties :
Paul Martin (Was) for Hooking (Minor) at 5:38, Scottie Upshall (Was) for Holding (Minor) at 9:08, Zdeno Chara (Was) for Tripping (Minor) at 14:17
3rd period
8. Bruins , Daniel Sedin 14 (Chris Kelly) at 10:39 (PP)
9. Bruins , Victor Oreskovich 13 (Matt Cooke, Daymond Langkow) at 13:50
Penalties :
Jarome Iginla (Was) for Hooking (Minor) at 9:56, Jay Harrison (Was) for Fighting (Major) at 11:15, Jason Demers (Bos) for Fighting (Major) at 11:15, Jarome Iginla (Was) for Fighting (Major) at 11:28, Nate Prosser (Bos) for Fighting (Major) at 11:28, Nate Prosser (Bos) for instigated a fight (Minor) at 11:28, Nate Prosser (Bos) for instigated a fight (10 Minutes Misconduct) at 11:28, Jonathan Sigalet (Bos) for Close Hand On Puck (Minor) at 17:07
Goalie Stats
Roberto Luongo (Bos), 34 saves from 36 shots - (0,944), W, 12-9-0, 60:00 minutes
Braden Holtby (Was), 31 saves from 38 shots - (0,816), L, 0-5-0, 60:00 minutes
Players Stats for Bruins
Player Name G A P +/- PIM S H SB GA TA FO MP PP MP PK MP
------------------------------------------------------------------------------------
Adam Pineault 0 0 0 1 0 0 1 2 1 0 0/0 12:05 2:58 0:55
Andrew Alberts 0 2 2 1 0 2 2 0 0 1 0/0 29:44 3:50 2:37
Chris Kelly 0 3 3 4 0 2 0 0 0 0 7/13 19:37 2:58 0:17
Curtis Glencross 0 0 0 0 0 1 1 0 1 0 0/0 8:57 1:04 0:52
Daniel Sedin 1 1 2 -2 0 2 1 0 0 0 0/0 19:30 3:01 0:43
Dave Bolland 0 0 0 0 0 1 1 1 0 0 1/6 10:18 0:00 0:00
Daymond Langkow 0 1 1 0 0 0 0 0 1 0 2/4 7:47 0:00 0:40
Erik Condra 0 0 0 0 0 0 2 0 0 0 0/0 10:42 0:24 0:00
Henrik Sedin 0 1 1 -2 0 3 0 0 1 0 16/36 22:55 4:15 2:23
Jason Demers 0 0 0 1 5 4 0 1 2 0 0/0 26:31 3:50 1:28
Jonathan Sigalet 0 0 0 0 2 0 0 0 0 0 0/0 11:19 0:00 1:02
Mark Stuart 2 0 2 1 0 3 1 2 0 0 0/0 21:37 4:10 1:16
Matt Cooke 1 2 3 4 0 4 1 0 1 1 1/1 15:15 0:44 0:00
Maxim Kondratiev 0 0 0 0 0 1 0 4 0 0 0/0 18:23 4:10 0:33
Nate Prosser 0 0 0 0 17 2 1 2 1 0 0/0 8:34 0:00 0:00
Victor Oreskovich 3 1 4 4 0 8 1 0 1 0 2/2 19:25 4:15 0:43
Viktor Stalberg 0 0 0 0 0 1 0 0 0 1 0/1 10:18 0:00 0:00
Wojtek Wolski 0 0 0 -2 0 4 1 2 0 1 2/7 23:02 4:21 2:23
Players Stats for Capitals
Player Name G A P +/- PIM S H SB GA TA FO MP PP MP PK MP
------------------------------------------------------------------------------------
Daniel Briere 0 0 0 -1 0 2 2 0 0 0 7/11 14:47 0:00 2:14
Erik Cole 0 0 0 0 0 1 2 1 1 0 0/0 14:36 0:21 2:38
James Neal 0 0 0 -1 0 1 0 0 0 0 1/1 14:57 1:42 0:00
Jamie Langenbrunner 0 0 0 -2 0 2 1 0 0 2 0/7 11:56 0:00 4:18
Jarome Iginla 1 0 1 1 7 4 3 0 0 0 1/4 17:36 0:59 1:45
Jay Harrison 0 0 0 0 5 1 0 1 0 0 0/0 16:44 0:00 2:43
Joffrey Lupul 0 0 0 -2 0 0 0 0 0 0 0/0 7:38 0:00 0:00
Marek Zidlicky 0 0 0 -1 0 2 2 1 0 1 0/0 22:28 2:12 5:17
Mark Giordano 0 1 1 0 0 2 1 3 1 0 0/0 19:35 1:46 0:00
Ondrej Palat 0 0 0 -1 0 1 0 0 0 0 1/1 16:32 2:16 1:53
Paul Martin 0 0 0 -1 2 2 0 0 0 4 0/0 20:15 2:12 0:00
Ryan Callahan 0 0 0 0 0 2 1 0 0 0 0/0 15:29 1:12 2:14
Saku Koivu 0 0 0 -2 0 3 2 0 0 1 3/4 7:38 0:00 0:00
Scottie Upshall 1 1 2 1 2 8 0 0 0 0 0/1 18:09 1:34 0:00
Sean Couturier 0 0 0 0 0 1 1 0 2 0 8/14 14:27 1:42 0:58
Tom Preissing 0 0 0 -1 0 1 0 1 0 0 0/0 17:58 0:00 5:17
Tyler Seguin 0 2 2 1 0 1 1 0 0 0 18/27 18:12 2:08 0:00
Zdeno Chara 0 0 0 -1 2 2 1 0 0 1 0/0 22:57 1:46 2:43
3 Stars
1 - Victor Oreskovich (Bos)
2 - Matt Cooke (Bos)
3 - Chris Kelly (Bos)
Power Play
Bruins - 3 on 5 Attempt(s) - 60,00%
Capitals - 0 on 2 Attempt(s) - 0,00%
Penalty Kill
Bruins - 2 on 2 Attempt(s) - 100,00%
- Score 0 goal in Penalty Kill
Capitals - 2 on 5 Attempt(s) - 40,00%
- Score 0 goal in Penalty Kill
Team Stat
Bruins - Hits : 13 - Faceoff Wins : 31 - Blocked Shots : 14 - Penalty Minutes : 24
Capitals - Hits : 17 - Faceoff Wins : 39 - Blocked Shots : 7 - Penalty Minutes : 22
Official
Referees : Walkom Stephen and Watson Brad
Linesman : Pierre Champoux and Andy McElman
Game Notes
Jason Demers beats up Jay Harrison at 11:15 of 3rd period
Jarome Iginla and Nate Prosser fight to a draw at 11:28 of 3rd period
Maxim Kondratiev is injured at 12:01 of 3rd period (Facial Surgery)
Victor Oreskovich has scored a Hat Trick!
Finance
Level 1 -- Attendance: 6000 (100,00%) -- Ticket Income 462 000 $
Level 2 -- Attendance: 5000 (100,00%) -- Ticket Income 210 000 $
Level 3 -- Attendance: 1878 (93,90%) -- Ticket Income 50 706 $
Level 4 -- Attendance: 3645 (91,13%) -- Ticket Income 58 320 $
Luxury Box -- Attendance: 797 (79,70%) -- Ticket Income 129 911 $
Game was played at the Verizon Center.
Total Attendance: 17320 (96,22%)
Total Ticket Income: 910 937 $
Other Income: 136 641 $
Total Income: 1 047 578 $
Bruins
5 vs 5 Forward
Center Left Wing Right Wing Time % Phy DF OF
1 Henrik Sedin Wojtek Wolski Daniel Sedin 40 1 2 2
2 Chris Kelly Matt Cooke Victor Oreskovich 30 1 2 2
3 Dave Bolland Viktor Stalberg Erik Condra 20 1 2 2
4 Daymond Langkow Curtis Glencross Adam Pineault 10 1 2 2
5 vs 5 Defense
Defense Defense Time % Phy DF OF
1 Jason Demers Andrew Alberts 40 1 2 2
2 Maxim Kondratiev Mark Stuart 30 1 2 2
3 Nate Prosser Jonathan Sigalet 20 1 2 2
4 Jason Demers Andrew Alberts 10 1 2 2
PowerPlay Forward
Center Left Wing Right Wing Time % Phy DF OF
1 Henrik Sedin Wojtek Wolski Victor Oreskovich 60 1 2 2
2 Chris Kelly Daniel Sedin Adam Pineault 40 1 2 2
PowerPlay Defense
Defense Defense Time % Phy DF OF
1 Jason Demers Andrew Alberts 60 1 2 2
2 Maxim Kondratiev Mark Stuart 40 1 2 2
Penalty Kill 4 Players Forward
Center Wing Time % Phy DF OF
1 Wojtek Wolski Henrik Sedin 60 1 2 2
2 Daniel Sedin Victor Oreskovich 40 1 2 2
Penalty Kill 4 Players Defense
Defense Defense Time % Phy DF OF
1 Jason Demers Andrew Alberts 60 1 2 2
2 Jonathan Sigalet Mark Stuart 40 1 2 2
Penalty Kill - 3 Players Forward
Forward Time % Phy DF OF
1 Wojtek Wolski 60 1 2 2
2 Henrik Sedin 40 1 2 2
Penalty Kill - 3 Players Defense
Defense Defense Time % Phy DF OF
1 Jason Demers Andrew Alberts 60 1 2 2
2 Jonathan Sigalet Mark Stuart 40 1 2 2
4 vs 4 Forward
Center Wing Time % Phy DF OF
1 Wojtek Wolski Henrik Sedin 60 1 2 2
2 Daniel Sedin Victor Oreskovich 40 1 2 2
4 vs 4 Defense
Defense Defense Time % Phy DF OF
1 Jason Demers Andrew Alberts 60 1 2 2
2 Maxim Kondratiev Mark Stuart 40 1 2 2
Last Minutes Offensive
Center Left Wing Right Wing Defense Defense
Henrik Sedin Wojtek Wolski Victor Oreskovich Jason Demers Andrew Alberts
Last Minutes Defensive
Center Left Wing Right Wing Defense Defense
Henrik Sedin Wojtek Wolski Victor Oreskovich Jason Demers Andrew Alberts
Goaltenders
Starting : Roberto Luongo
Backup : Karri Ramo
Extra Forwards
Normal : Curtis Glencross, Matt Cooke, Daymond Langkow - PP : Curtis Glencross, Matt Cooke - PK : Daymond Langkow
Extra Defensemen
Normal : Nate Prosser, Mark Stuart, Maxim Kondratiev - PP : Jonathan Sigalet - PK : Maxim Kondratiev, Nate Prosser
Penalty Shots
Wojtek Wolski, Henrik Sedin, Daniel Sedin, Victor Oreskovich, Chris Kelly
Capitals
5 vs 5 Forward
Center Left Wing Right Wing Time % Phy DF OF
1 Tyler Seguin Scottie Upshall Jarome Iginla 35 1 2 2
2 Daniel Briere Ondrej Palat James Neal 30 1 2 2
3 Sean Couturier Erik Cole Ryan Callahan 25 1 2 2
4 Saku Koivu Joffrey Lupul Jamie Langenbrunner 10 1 2 2
5 vs 5 Defense
Defense Defense Time % Phy DF OF
1 Zdeno Chara Paul Martin 40 1 2 2
2 Mark Giordano Marek Zidlicky 30 1 2 2
3 Tom Preissing Jay Harrison 20 1 2 2
4 Mark Giordano Jay Harrison 10 1 2 2
PowerPlay Forward
Center Left Wing Right Wing Time % Phy DF OF
1 Tyler Seguin Ondrej Palat Jarome Iginla 60 1 2 2
2 Sean Couturier Scottie Upshall James Neal 40 1 2 2
PowerPlay Defense
Defense Defense Time % Phy DF OF
1 Marek Zidlicky Paul Martin 60 1 2 2
2 Zdeno Chara Mark Giordano 40 1 2 2
Penalty Kill 4 Players Forward
Center Wing Time % Phy DF OF
1 Jamie Langenbrunner Erik Cole 60 1 2 2
2 Daniel Briere Ryan Callahan 40 1 2 2
Penalty Kill 4 Players Defense
Defense Defense Time % Phy DF OF
1 Tom Preissing Marek Zidlicky 60 1 2 2
2 Zdeno Chara Jay Harrison 40 1 2 2
Penalty Kill - 3 Players Forward
Forward Time % Phy DF OF
1 Daniel Briere 60 1 2 2
2 Jamie Langenbrunner 40 1 2 2
Penalty Kill - 3 Players Defense
Defense Defense Time % Phy DF OF
1 Tom Preissing Marek Zidlicky 60 1 2 2
2 Jay Harrison Zdeno Chara 40 1 2 2
4 vs 4 Forward
Center Wing Time % Phy DF OF
1 Daniel Briere Erik Cole 60 1 2 2
2 James Neal Scottie Upshall 40 1 2 2
4 vs 4 Defense
Defense Defense Time % Phy DF OF
1 Tom Preissing Paul Martin 60 1 2 2
2 Zdeno Chara Marek Zidlicky 40 1 2 2
Last Minutes Offensive
Center Left Wing Right Wing Defense Defense
Saku Koivu Scottie Upshall Jarome Iginla Marek Zidlicky Paul Martin
Last Minutes Defensive
Center Left Wing Right Wing Defense Defense
Jamie Langenbrunner Erik Cole Jarome Iginla Tom Preissing Paul Martin
Goaltenders
Starting : Braden Holtby
Backup : Ilya Bryzgalov
Extra Forwards
Normal : Jarome Iginla, James Neal, Ondrej Palat - PP : Ryan Callahan, Erik Cole - PK : Jarome Iginla
Extra Defensemen
Normal : Tom Preissing, Zdeno Chara, Mark Giordano - PP : Tom Preissing - PK : Zdeno Chara, Mark Giordano
Penalty Shots
Jarome Iginla, Ryan Callahan, James Neal, Erik Cole, Daniel Briere
% Time on Ice - Bruins
Lines # - Real PCT - Wanted PCT - Time Play
Normal Forward
1 - 34% - 40% - 16:18
2 - 30% - 30% - 14:30
3 - 21% - 20% - 10:18
4 - 14% - 10% - 6:56
Normal Defense
1 - 41% - 40% - 19:46
2 - 33% - 30% - 16:00
3 - 19% - 20% - 9:16
4 - 6% - 10% - 3:00
PP Forward
1 - 57% - 60% - 4:35
2 - 43% - 40% - 3:25
PP Defense
1 - 48% - 60% - 3:50
2 - 52% - 40% - 4:10
PK Forward
1 - 82% - 60% - 3:15
2 - 18% - 40% - 0:43
PK Defense
1 - 65% - 60% - 2:35
2 - 35% - 40% - 1:23
PK3 Forward
1 - 0% - 60%
2 - 0% - 40%
PK3 Defense
1 - 0% - 60%
2 - 0% - 40%
44 Forward
1 - 0% - 60%
2 - 0% - 40%
44 Defense
1 - 0% - 60%
2 - 0% - 40%
Last Minute Offensive - 0:00
Last Minute Defensive - 0:00
Total
Forward - 60:00
Defense - 60:00
|
% Time on Ice - Capitals
Lines # - Real PCT - Wanted PCT - Time Play
Normal Forward
1 - 33% - 35% - 16:04
2 - 26% - 30% - 12:43
3 - 24% - 25% - 11:37
4 - 16% - 10% - 7:38
Normal Defense
1 - 39% - 40% - 18:56
2 - 30% - 30% - 14:27
3 - 25% - 20% - 11:56
4 - 6% - 10% - 2:43
PP Forward
1 - 57% - 60% - 2:16
2 - 43% - 40% - 1:42
PP Defense
1 - 55% - 60% - 2:12
2 - 45% - 40% - 1:46
PK Forward
1 - 72% - 60% - 5:46
2 - 28% - 40% - 2:14
PK Defense
1 - 66% - 60% - 5:17
2 - 34% - 40% - 2:43
PK3 Forward
1 - 0% - 60%
2 - 0% - 40%
PK3 Defense
1 - 0% - 60%
2 - 0% - 40%
44 Forward
1 - 0% - 60%
2 - 0% - 40%
44 Defense
1 - 0% - 60%
2 - 0% - 40%
Last Minute Offensive - 0:00
Last Minute Defensive - 0:00
Total
Forward - 60:00
Defense - 60:00
|
Play by Play
1st period
0:01 of 1st period - Wojtek Wolski wins face-off versus Tyler Seguin in neutral zone.
0:14 of 1st period - Wrist shot by Henrik Sedin.
0:14 of 1st period - Shot Misses the Net.
0:31 of 1st period - Slapshot by Matt Cooke.
0:31 of 1st period - Stopped by Braden Holtby with a rebound.
0:33 of 1st period - Slapshot by Jason Demers.
0:33 of 1st period - Stopped by Braden Holtby with a rebound.
0:35 of 1st period - Slapshot by Jason Demers.
0:35 of 1st period - Stopped by Braden Holtby without a rebound.
0:36 of 1st period - Sean Couturier wins face-off versus Viktor Stalberg in Capitals zone.
0:45 of 1st period - Slapshot by Marek Zidlicky.
0:45 of 1st period - Stopped by Roberto Luongo without a rebound.
0:46 of 1st period - Sean Couturier wins face-off versus Dave Bolland in Bruins zone.
0:55 of 1st period - Snap shot by Erik Condra.
0:55 of 1st period - Shot Blocked by Erik Cole.
0:57 of 1st period - Slapshot by Mark Stuart.
0:57 of 1st period - Stopped by Braden Holtby without a rebound.
0:57 of 1st period - Double Minor Penalty to Braden Holtby for Slashing.
0:58 of 1st period - Henrik Sedin wins face-off versus Jamie Langenbrunner in Capitals zone.
1:07 of 1st period - Slapshot by Tom Preissing.
1:07 of 1st period - Stopped by Roberto Luongo with a rebound.
1:09 of 1st period - Slapshot by Marek Zidlicky.
1:09 of 1st period - Deflect By Henrik Sedin.
1:09 of 1st period - Stopped by Roberto Luongo with a rebound.
1:23 of 1st period - Tom Preissing is hit by Daniel Sedin and loses puck.
3:24 of 1st period - Marek Zidlicky is hit by Matt Cooke and loses puck.
3:29 of 1st period - Wrist shot by Curtis Glencross.
3:29 of 1st period - Stopped by Braden Holtby without a rebound.
3:30 of 1st period - Matt Cooke wins face-off versus Jamie Langenbrunner in Capitals zone.
4:50 of 1st period - Zdeno Chara is hit by Wojtek Wolski and loses puck.
4:57 of 1st period - Penalty to Erik Cole is over, Erik Cole is back on ice.
5:54 of 1st period - Viktor Stalberg is hit by Zdeno Chara and loses puck.
6:58 of 1st period - Chris Kelly is hit by Erik Cole and loses puck.
7:26 of 1st period - Adam Pineault is hit by Tyler Seguin and loses puck.
8:04 of 1st period - Nate Prosser is hit by Sean Couturier and loses puck.
8:27 of 1st period - Wrist shot by Jamie Langenbrunner.
8:27 of 1st period - Shot Misses the Net.
8:29 of 1st period - Slapshot by Jamie Langenbrunner.
8:29 of 1st period - Stopped by Roberto Luongo with a rebound.
8:31 of 1st period - Snap shot by Saku Koivu.
8:31 of 1st period - Deflect By Mark Stuart.
8:31 of 1st period - Stopped by Roberto Luongo without a rebound.
8:32 of 1st period - Jarome Iginla wins face-off versus Henrik Sedin in Bruins zone.
8:41 of 1st period - Snap shot by Henrik Sedin.
8:41 of 1st period - Shot Blocked by Mark Giordano.
8:43 of 1st period - Wrist shot by Daniel Sedin.
8:43 of 1st period - Shot Blocked by Mark Giordano.
8:45 of 1st period - Snap shot by Wojtek Wolski.
8:45 of 1st period - Stopped by Braden Holtby without a rebound.
8:46 of 1st period - Victor Oreskovich wins face-off versus Daniel Briere in Capitals zone.
8:47 of 1st period - Wrist shot by Chris Kelly.
8:47 of 1st period - Stopped by Braden Holtby with a rebound.
8:49 of 1st period - Snap shot by Matt Cooke.
8:49 of 1st period - Stopped by Braden Holtby with a rebound.
8:51 of 1st period - Slapshot by Matt Cooke.
8:51 of 1st period - Stopped by Braden Holtby without a rebound.
8:52 of 1st period - Victor Oreskovich wins face-off versus Daniel Briere in Capitals zone.
9:19 of 1st period - Snap shot by Scottie Upshall.
9:19 of 1st period - Stopped by Roberto Luongo without a rebound.
9:20 of 1st period - Tyler Seguin wins face-off versus Henrik Sedin in Bruins zone.
10:02 of 1st period - Snap shot by Scottie Upshall.
10:02 of 1st period - Stopped by Roberto Luongo without a rebound.
10:03 of 1st period - Chris Kelly wins face-off versus Daniel Briere in Bruins zone.
10:56 of 1st period - Snap shot by Erik Condra.
10:56 of 1st period - Shot Blocked by Mark Giordano.
11:29 of 1st period - Off-side.
11:30 of 1st period - Tyler Seguin wins face-off versus Daymond Langkow in neutral zone.
11:57 of 1st period - Snap shot by Jamie Langenbrunner.
11:57 of 1st period - Shot Misses the Net.
13:16 of 1st period - Wrist shot by Nate Prosser.
13:16 of 1st period - Deflect By Ryan Callahan.
13:16 of 1st period - Stopped by Braden Holtby without a rebound.
13:17 of 1st period - Henrik Sedin wins face-off versus Saku Koivu in Capitals zone.
13:28 of 1st period - Daniel Sedin is hit by Saku Koivu and loses puck.
14:12 of 1st period - Wrist shot by Dave Bolland.
14:12 of 1st period - Stopped by Braden Holtby with a rebound.
14:14 of 1st period - Snap shot by Dave Bolland.
14:14 of 1st period - Shot Misses the Net.
14:16 of 1st period - Slapshot by Nate Prosser.
14:16 of 1st period - Stopped by Braden Holtby without a rebound.
14:17 of 1st period - Daniel Briere wins face-off versus Henrik Sedin in Capitals zone.
14:32 of 1st period - Snap shot by Wojtek Wolski.
14:32 of 1st period - Stopped by Braden Holtby without a rebound.
14:33 of 1st period - Chris Kelly wins face-off versus Tyler Seguin in Capitals zone.
14:39 of 1st period - Icing by Marek Zidlicky.
14:40 of 1st period - Chris Kelly wins face-off versus Tyler Seguin in Capitals zone.
14:41 of 1st period - Slapshot by Victor Oreskovich.
14:41 of 1st period - Shot Blocked by Marek Zidlicky.
14:43 of 1st period - Snap shot by Victor Oreskovich.
14:43 of 1st period - Stopped by Braden Holtby with a rebound.
14:45 of 1st period - Slapshot by Jason Demers.
14:45 of 1st period - Stopped by Braden Holtby with a rebound.
15:05 of 1st period - Wrist shot by Chris Kelly.
15:05 of 1st period - Stopped by Braden Holtby without a rebound.
15:06 of 1st period - Henrik Sedin wins face-off versus Sean Couturier in Capitals zone.
15:20 of 1st period - Icing by Wojtek Wolski.
15:21 of 1st period - Tyler Seguin wins face-off versus Wojtek Wolski in Bruins zone.
15:24 of 1st period - Snap shot by Jarome Iginla.
15:24 of 1st period - Goal by Jarome Iginla - Bruins : 0 - Capitals : 1.
15:25 of 1st period - Sean Couturier wins face-off versus Henrik Sedin in neutral zone.
15:31 of 1st period - Snap shot by Wojtek Wolski.
15:31 of 1st period - Shot Blocked by Jay Harrison.
15:33 of 1st period - Slapshot by Andrew Alberts.
15:33 of 1st period - Shot Misses the Net.
15:35 of 1st period - Snap shot by Henrik Sedin.
15:35 of 1st period - Stopped by Braden Holtby with a rebound.
16:23 of 1st period - Snap shot by James Neal.
16:23 of 1st period - Shot Blocked by Maxim Kondratiev.
16:25 of 1st period - Slapshot by Zdeno Chara.
16:25 of 1st period - Stopped by Roberto Luongo with a rebound.
16:27 of 1st period - Snap shot by Ondrej Palat.
16:27 of 1st period - Stopped by Roberto Luongo with a rebound.
17:28 of 1st period - Andrew Alberts is hit by Jarome Iginla and loses puck.
18:01 of 1st period - Snap shot by Henrik Sedin.
18:01 of 1st period - Stopped by Braden Holtby with a rebound.
18:03 of 1st period - Slapshot by Andrew Alberts.
18:03 of 1st period - Stopped by Braden Holtby without a rebound.
18:04 of 1st period - Chris Kelly wins face-off versus Jarome Iginla in Capitals zone.
18:05 of 1st period - Snap shot by Matt Cooke.
18:05 of 1st period - Shot Misses the Net.
18:19 of 1st period - Snap shot by Jarome Iginla.
18:19 of 1st period - Stopped by Roberto Luongo with a rebound.
18:29 of 1st period - Maxim Kondratiev is hit by Saku Koivu and loses puck.
18:44 of 1st period - Wrist shot by Matt Cooke.
18:44 of 1st period - Goal by Matt Cooke - Bruins : 1 - Capitals : 1.
18:45 of 1st period - Daniel Briere wins face-off versus Henrik Sedin in neutral zone.
18:54 of 1st period - Slapshot by Daniel Briere.
18:54 of 1st period - Stopped by Roberto Luongo with a rebound.
18:56 of 1st period - Slapshot by Paul Martin.
18:56 of 1st period - Stopped by Roberto Luongo with a rebound.
18:58 of 1st period - Wrist shot by James Neal.
18:58 of 1st period - Shot Misses the Net.
19:10 of 1st period - Paul Martin is hit by Dave Bolland.
19:16 of 1st period - Wrist shot by Jarome Iginla.
19:16 of 1st period - Shot Misses the Net.
19:18 of 1st period - Wrist shot by Jarome Iginla.
19:18 of 1st period - Shot Misses the Net.
19:20 of 1st period - Backhand shot by Jay Harrison.
19:20 of 1st period - Stopped by Roberto Luongo with a rebound.
19:30 of 1st period - Snap shot by Victor Oreskovich.
19:30 of 1st period - Shot Hit the Post.
19:32 of 1st period - Slapshot by Jason Demers.
19:32 of 1st period - Stopped by Braden Holtby with a rebound.
19:34 of 1st period - Slapshot by Andrew Alberts.
19:34 of 1st period - Deflect By Jay Harrison.
19:34 of 1st period - Stopped by Braden Holtby without a rebound.
19:35 of 1st period - Daniel Briere wins face-off versus Chris Kelly in Capitals zone.
19:48 of 1st period - Wrist shot by Victor Oreskovich.
19:48 of 1st period - Stopped by Braden Holtby without a rebound.
19:49 of 1st period - Tyler Seguin wins face-off versus Henrik Sedin in Capitals zone.
Goals for this period are 1 for Bruins vs 1 for Capitals.
Shots for this period are 23 for Bruins vs 14 for Capitals.
2nd period
0:01 of 2nd period - Daniel Briere wins face-off versus Henrik Sedin in neutral zone.
0:39 of 2nd period - Chris Kelly is hit by Mark Giordano.
1:18 of 2nd period - Snap shot by Ryan Callahan.
1:18 of 2nd period - Shot Misses the Net.
1:20 of 2nd period - Snap shot by Ryan Callahan.
1:20 of 2nd period - Shot Blocked by Mark Stuart.
1:22 of 2nd period - Snap shot by Sean Couturier.
1:22 of 2nd period - Shot Blocked by Mark Stuart.
1:39 of 2nd period - Ondrej Palat is hit by Curtis Glencross and loses puck.
2:43 of 2nd period - Mark Giordano is hit by Nate Prosser and loses puck.
3:00 of 2nd period - Wojtek Wolski is hit by Marek Zidlicky and loses puck.
3:23 of 2nd period - Snap shot by Scottie Upshall.
3:23 of 2nd period - Stopped by Roberto Luongo with a rebound.
3:37 of 2nd period - Wrist shot by Erik Cole.
3:37 of 2nd period - Deflect By Jason Demers.
3:37 of 2nd period - Stopped by Roberto Luongo without a rebound.
3:38 of 2nd period - Sean Couturier wins face-off versus Dave Bolland in Bruins zone.
3:45 of 2nd period - Mark Stuart is hit by Erik Cole and loses puck.
3:54 of 2nd period - Wrist shot by Ryan Callahan.
3:54 of 2nd period - Stopped by Roberto Luongo with a rebound.
4:08 of 2nd period - Off-side.
4:09 of 2nd period - Tyler Seguin wins face-off versus Henrik Sedin in neutral zone.
4:25 of 2nd period - Slapshot by Jarome Iginla.
4:25 of 2nd period - Shot Misses the Net.
4:44 of 2nd period - Icing by Jason Demers.
4:45 of 2nd period - Chris Kelly wins face-off versus Sean Couturier in Bruins zone.
5:36 of 2nd period - Slapshot by Wojtek Wolski.
5:36 of 2nd period - Shot Misses the Net.
5:38 of 2nd period - Minor Penalty to Paul Martin for Hooking.
5:39 of 2nd period - Henrik Sedin wins face-off versus Jamie Langenbrunner in Capitals zone.
5:42 of 2nd period - Snap shot by Wojtek Wolski.
5:42 of 2nd period - Stopped by Braden Holtby without a rebound.
5:43 of 2nd period - Henrik Sedin wins face-off versus Jamie Langenbrunner in Capitals zone.
6:22 of 2nd period - Slapshot by Mark Stuart.
6:22 of 2nd period - Goal by Mark Stuart - Bruins : 2 - Capitals : 1.
6:23 of 2nd period - Daniel Briere wins face-off versus Dave Bolland in neutral zone.
6:26 of 2nd period - Andrew Alberts is hit by Daniel Briere and loses puck.
6:51 of 2nd period - Wrist shot by Adam Pineault.
6:51 of 2nd period - Shot Misses the Net.
7:09 of 2nd period - Snap shot by Daniel Briere.
7:09 of 2nd period - Shot Misses the Net.
7:11 of 2nd period - Wrist shot by Ondrej Palat.
7:11 of 2nd period - Shot Blocked by Adam Pineault.
7:13 of 2nd period - Snap shot by Daniel Briere.
7:13 of 2nd period - Stopped by Roberto Luongo with a rebound.
7:15 of 2nd period - Slapshot by Paul Martin.
7:15 of 2nd period - Stopped by Roberto Luongo without a rebound.
7:16 of 2nd period - Henrik Sedin wins face-off versus Tyler Seguin in Bruins zone.
7:52 of 2nd period - Slapshot by Mark Giordano.
7:52 of 2nd period - Shot Misses the Net.
7:54 of 2nd period - Wrist shot by Ryan Callahan.
7:54 of 2nd period - Stopped by Roberto Luongo with a rebound.
7:56 of 2nd period - Slapshot by Mark Giordano.
7:56 of 2nd period - Deflect By Mark Stuart.
7:56 of 2nd period - Stopped by Roberto Luongo without a rebound.
7:57 of 2nd period - Saku Koivu wins face-off versus Dave Bolland in Bruins zone.
8:04 of 2nd period - Wrist shot by Jamie Langenbrunner.
8:04 of 2nd period - Stopped by Roberto Luongo without a rebound.
8:05 of 2nd period - Saku Koivu wins face-off versus Dave Bolland in Bruins zone.
8:08 of 2nd period - Wrist shot by Saku Koivu.
8:08 of 2nd period - Stopped by Roberto Luongo without a rebound.
8:09 of 2nd period - Tyler Seguin wins face-off versus Henrik Sedin in Bruins zone.
8:36 of 2nd period - Sean Couturier is hit by Andrew Alberts and loses puck.
9:03 of 2nd period - Snap shot by Viktor Stalberg.
9:03 of 2nd period - Stopped by Braden Holtby without a rebound.
9:04 of 2nd period - Henrik Sedin wins face-off versus Jarome Iginla in Capitals zone.
9:08 of 2nd period - Minor Penalty to Scottie Upshall for Holding.
9:09 of 2nd period - Henrik Sedin wins face-off versus Jamie Langenbrunner in Capitals zone.
9:11 of 2nd period - Snap shot by Henrik Sedin.
9:11 of 2nd period - Shot Misses the Net.
9:35 of 2nd period - Erik Cole is hit by Adam Pineault and loses puck.
9:44 of 2nd period - Wrist shot by Daniel Sedin.
9:44 of 2nd period - Stopped by Braden Holtby with a rebound.
9:58 of 2nd period - Slapshot by Marek Zidlicky.
9:58 of 2nd period - Shot Blocked by Maxim Kondratiev.
11:08 of 2nd period - Penalty to Scottie Upshall is over, Scottie Upshall is back on ice.
11:31 of 2nd period - Slapshot by Scottie Upshall.
11:31 of 2nd period - Stopped by Roberto Luongo without a rebound.
11:32 of 2nd period - Daymond Langkow wins face-off versus Tyler Seguin in Bruins zone.
11:34 of 2nd period - Icing by Curtis Glencross.
11:35 of 2nd period - Tyler Seguin wins face-off versus Daymond Langkow in Bruins zone.
11:40 of 2nd period - Snap shot by Jarome Iginla.
11:40 of 2nd period - Shot Blocked by Nate Prosser.
11:42 of 2nd period - Wrist shot by Jarome Iginla.
11:42 of 2nd period - Stopped by Roberto Luongo without a rebound.
11:43 of 2nd period - Henrik Sedin wins face-off versus Tyler Seguin in Bruins zone.
11:58 of 2nd period - Wrist shot by Scottie Upshall.
11:58 of 2nd period - Deflect By Tyler Seguin.
11:58 of 2nd period - Stopped by Roberto Luongo without a rebound.
11:59 of 2nd period - Sean Couturier wins face-off versus Chris Kelly in Bruins zone.
12:10 of 2nd period - Wrist shot by Victor Oreskovich.
12:10 of 2nd period - Stopped by Braden Holtby without a rebound.
12:11 of 2nd period - Henrik Sedin wins face-off versus Tyler Seguin in Capitals zone.
12:24 of 2nd period - Wrist shot by Jarome Iginla.
12:24 of 2nd period - Stopped by Roberto Luongo without a rebound.
12:25 of 2nd period - Henrik Sedin wins face-off versus Daniel Briere in Bruins zone.
12:57 of 2nd period - Snap shot by Jarome Iginla.
12:57 of 2nd period - Shot Misses the Net.
13:07 of 2nd period - Mark Giordano is hit by Victor Oreskovich and loses puck.
13:20 of 2nd period - Slapshot by Mark Giordano.
13:20 of 2nd period - Stopped by Roberto Luongo with a rebound.
13:22 of 2nd period - Slapshot by Marek Zidlicky.
13:22 of 2nd period - Shot Blocked by Dave Bolland.
14:17 of 2nd period - Minor Penalty to Zdeno Chara for Tripping.
14:18 of 2nd period - Henrik Sedin wins face-off versus Jamie Langenbrunner in Capitals zone.
14:52 of 2nd period - Wrist shot by Mark Stuart.
14:52 of 2nd period - Goal by Mark Stuart - Bruins : 3 - Capitals : 1.
14:53 of 2nd period - Tyler Seguin wins face-off versus Henrik Sedin in neutral zone.
15:21 of 2nd period - Off-side.
15:22 of 2nd period - Chris Kelly wins face-off versus Sean Couturier in neutral zone.
16:10 of 2nd period - Snap shot by Victor Oreskovich.
16:10 of 2nd period - Goal by Victor Oreskovich - Bruins : 4 - Capitals : 1.
16:11 of 2nd period - Tyler Seguin wins face-off versus Henrik Sedin in neutral zone.
16:24 of 2nd period - Backhand shot by Scottie Upshall.
16:24 of 2nd period - Stopped by Roberto Luongo without a rebound.
16:25 of 2nd period - Sean Couturier wins face-off versus Henrik Sedin in Bruins zone.
16:26 of 2nd period - Slapshot by Ryan Callahan.
16:26 of 2nd period - Shot Blocked by Wojtek Wolski.
16:47 of 2nd period - Icing by Ryan Callahan.
16:48 of 2nd period - Chris Kelly wins face-off versus Scottie Upshall in Capitals zone.
17:11 of 2nd period - Icing by Mark Stuart.
17:12 of 2nd period - Daniel Briere wins face-off versus Henrik Sedin in Bruins zone.
17:39 of 2nd period - Slapshot by Victor Oreskovich.
17:39 of 2nd period - Stopped by Braden Holtby with a rebound.
17:41 of 2nd period - Slapshot by Chris Kelly.
17:41 of 2nd period - Deflect By Victor Oreskovich.
17:41 of 2nd period - Goal by Victor Oreskovich - Bruins : 5 - Capitals : 1.
17:42 of 2nd period - Tyler Seguin wins face-off versus Henrik Sedin in neutral zone.
17:57 of 2nd period - Slapshot by Henrik Sedin.
17:57 of 2nd period - Deflect By Wojtek Wolski.
17:57 of 2nd period - Shot Misses the Net.
17:57 of 2nd period - Puck is out of play.
17:58 of 2nd period - Dave Bolland wins face-off versus Sean Couturier in Capitals zone.
19:37 of 2nd period - Viktor Stalberg is hit by Ryan Callahan and loses puck.
19:52 of 2nd period - Slapshot by Mark Giordano.
19:52 of 2nd period - Shot Blocked by Nate Prosser.
19:54 of 2nd period - Wrist shot by Tyler Seguin.
19:54 of 2nd period - Deflect By Scottie Upshall.
19:54 of 2nd period - Goal by Scottie Upshall - Bruins : 5 - Capitals : 2.
19:55 of 2nd period - Henrik Sedin wins face-off versus Tyler Seguin in neutral zone.
Goals for this period are 4 for Bruins vs 1 for Capitals.
Shots for this period are 9 for Bruins vs 16 for Capitals.
3rd period
0:01 of 3rd period - Tyler Seguin wins face-off versus Henrik Sedin in neutral zone.
0:25 of 3rd period - Daniel Briere is hit by Andrew Alberts and loses puck.
1:29 of 3rd period - Curtis Glencross is hit by Jarome Iginla and loses puck.
3:15 of 3rd period - Snap shot by Daniel Briere.
3:15 of 3rd period - Shot Misses the Net.
3:17 of 3rd period - Snap shot by Jay Harrison.
3:17 of 3rd period - Shot Blocked by Jason Demers.
3:29 of 3rd period - Marek Zidlicky is hit by Erik Condra and loses puck.
3:46 of 3rd period - Snap shot by Jay Harrison.
3:46 of 3rd period - Deflect By Sean Couturier.
3:46 of 3rd period - Shot Misses the Net.
3:46 of 3rd period - Puck is out of play.
3:47 of 3rd period - Sean Couturier wins face-off versus Chris Kelly in Bruins zone.
3:48 of 3rd period - Wrist shot by Ryan Callahan.
3:48 of 3rd period - Deflect By Sean Couturier.
3:48 of 3rd period - Stopped by Roberto Luongo without a rebound.
3:49 of 3rd period - Sean Couturier wins face-off versus Chris Kelly in Bruins zone.
3:50 of 3rd period - Snap shot by Ryan Callahan.
3:50 of 3rd period - Shot Misses the Net.
5:16 of 3rd period - Icing by Jay Harrison.
5:17 of 3rd period - Henrik Sedin wins face-off versus Sean Couturier in Capitals zone.
5:44 of 3rd period - Andrew Alberts is hit by Jarome Iginla and loses puck.
5:52 of 3rd period - Snap shot by Viktor Stalberg.
5:52 of 3rd period - Shot Hit the Post.
6:04 of 3rd period - Slapshot by Tom Preissing.
6:04 of 3rd period - Shot Misses the Net.
6:14 of 3rd period - Slapshot by James Neal.
6:14 of 3rd period - Shot Misses the Net.
6:30 of 3rd period - Snap shot by Wojtek Wolski.
6:30 of 3rd period - Stopped by Braden Holtby with a rebound.
6:32 of 3rd period - Slapshot by Henrik Sedin.
6:32 of 3rd period - Stopped by Braden Holtby without a rebound.
6:33 of 3rd period - Tyler Seguin wins face-off versus Henrik Sedin in Capitals zone.
6:58 of 3rd period - Erik Condra is hit by Daniel Briere and loses puck.
7:27 of 3rd period - Wrist shot by Daymond Langkow.
7:27 of 3rd period - Shot Misses the Net.
7:50 of 3rd period - Icing by Wojtek Wolski.
7:51 of 3rd period - Daniel Briere wins face-off versus Henrik Sedin in Bruins zone.
9:41 of 3rd period - Slapshot by Victor Oreskovich.
9:41 of 3rd period - Stopped by Braden Holtby without a rebound.
9:42 of 3rd period - Tyler Seguin wins face-off versus Chris Kelly in Capitals zone.
9:47 of 3rd period - Wrist shot by Scottie Upshall.
9:47 of 3rd period - Shot Blocked by Maxim Kondratiev.
9:49 of 3rd period - Slapshot by Zdeno Chara.
9:49 of 3rd period - Stopped by Roberto Luongo without a rebound.
9:50 of 3rd period - Tyler Seguin wins face-off versus Henrik Sedin in Bruins zone.
9:51 of 3rd period - Slapshot by Scottie Upshall.
9:51 of 3rd period - Stopped by Roberto Luongo with a rebound.
9:56 of 3rd period - Minor Penalty to Jarome Iginla for Hooking.
9:57 of 3rd period - Henrik Sedin wins face-off versus Jamie Langenbrunner in Capitals zone.
9:59 of 3rd period - Wrist shot by Henrik Sedin.
9:59 of 3rd period - Shot Misses the Net.
10:01 of 3rd period - Slapshot by Maxim Kondratiev.
10:01 of 3rd period - Stopped by Braden Holtby with a rebound.
10:03 of 3rd period - Wrist shot by Wojtek Wolski.
10:03 of 3rd period - Shot Misses the Net.
10:05 of 3rd period - Backhand shot by Victor Oreskovich.
10:05 of 3rd period - Shot Blocked by Tom Preissing.
10:37 of 3rd period - Slapshot by Chris Kelly.
10:37 of 3rd period - Shot Misses the Net.
10:39 of 3rd period - Snap shot by Daniel Sedin.
10:39 of 3rd period - Goal by Daniel Sedin - Bruins : 6 - Capitals : 2.
10:40 of 3rd period - Tyler Seguin wins face-off versus Wojtek Wolski in neutral zone.
10:51 of 3rd period - Wrist shot by Paul Martin.
10:51 of 3rd period - Shot Misses the Net.
10:53 of 3rd period - Snap shot by Scottie Upshall.
10:53 of 3rd period - Shot Blocked by Wojtek Wolski.
10:55 of 3rd period - Slapshot by Jarome Iginla.
10:55 of 3rd period - Deflect By Andrew Alberts.
10:55 of 3rd period - Shot Misses the Net.
10:55 of 3rd period - Puck is out of play.
10:56 of 3rd period - Ondrej Palat wins face-off versus Chris Kelly in Bruins zone.
10:57 of 3rd period - Wrist shot by James Neal.
10:57 of 3rd period - Shot Misses the Net.
11:15 of 3rd period - Jason Demers beats up Jay Harrison.
11:15 of 3rd period - Penalty to Jay Harrison for Fighting.
11:15 of 3rd period - Penalty to Jason Demers for Fighting.
11:16 of 3rd period - Tyler Seguin wins face-off versus Henrik Sedin in neutral zone.
11:28 of 3rd period - Jarome Iginla and Nate Prosser fight to a draw.
11:28 of 3rd period - Penalty to Jarome Iginla for Fighting.
11:28 of 3rd period - Penalty to Nate Prosser for Fighting.
11:28 of 3rd period - Penalty to Nate Prosser for instigated a fight.
11:28 of 3rd period - Penalty to Nate Prosser for instigated a fight.
11:29 of 3rd period - Tyler Seguin wins face-off versus Wojtek Wolski in Capitals zone.
12:01 of 3rd period - Snap shot by Scottie Upshall.
12:01 of 3rd period - Shot Blocked by Maxim Kondratiev.
12:01 of 3rd period - Maxim Kondratiev from Bruins is injured at 12:01 of 3rd period (Facial Surgery).
12:02 of 3rd period - Tyler Seguin wins face-off versus Wojtek Wolski in Bruins zone.
12:37 of 3rd period - Snap shot by Paul Martin.
12:37 of 3rd period - Shot Misses the Net.
13:02 of 3rd period - Icing by Erik Cole.
13:03 of 3rd period - Daymond Langkow wins face-off versus Tyler Seguin in Capitals zone.
13:28 of 3rd period - Penalty to Nate Prosser is over, Daymond Langkow is send on ice.
13:50 of 3rd period - Slapshot by Victor Oreskovich.
13:50 of 3rd period - Goal by Victor Oreskovich - Bruins : 7 - Capitals : 2.
13:51 of 3rd period - James Neal wins face-off versus Henrik Sedin in neutral zone.
14:16 of 3rd period - Paul Martin is hit by Erik Condra and loses puck.
14:44 of 3rd period - Wrist shot by James Neal.
14:44 of 3rd period - Stopped by Roberto Luongo with a rebound.
14:46 of 3rd period - Slapshot by Zdeno Chara.
14:46 of 3rd period - Deflect By Scottie Upshall.
14:46 of 3rd period - Stopped by Roberto Luongo without a rebound.
14:47 of 3rd period - Henrik Sedin wins face-off versus Sean Couturier in Bruins zone.
15:40 of 3rd period - Snap shot by Daniel Briere.
15:40 of 3rd period - Shot Misses the Net.
15:52 of 3rd period - Sean Couturier is hit by Mark Stuart and loses puck.
16:26 of 3rd period - Daniel Sedin is hit by Jamie Langenbrunner and loses puck.
17:07 of 3rd period - Minor Penalty to Jonathan Sigalet for Close Hand On Puck.
17:08 of 3rd period - Wojtek Wolski wins face-off versus Jarome Iginla in Bruins zone.
18:42 of 3rd period - Andrew Alberts is hit by Marek Zidlicky and loses puck.
19:07 of 3rd period - Penalty to Jonathan Sigalet is over, Jonathan Sigalet is back on ice.
19:26 of 3rd period - Icing by Chris Kelly.
19:27 of 3rd period - Saku Koivu wins face-off versus Wojtek Wolski in Bruins zone.
19:32 of 3rd period - Wrist shot by Jamie Langenbrunner.
19:32 of 3rd period - Shot Blocked by Adam Pineault.
19:34 of 3rd period - Wrist shot by Joffrey Lupul.
19:34 of 3rd period - Shot Misses the Net.
19:38 of 3rd period - Backhand shot by Saku Koivu.
19:38 of 3rd period - Stopped by Roberto Luongo with a rebound.
Goals for this period are 2 for Bruins vs 0 for Capitals.
Shots for this period are 6 for Bruins vs 6 for Capitals.
Back to the Top